Cogmind - Beta 13 @@@ ROGUE MODE // 2024.04.06 @ 15:03:02 Player: dohmmass Result: Destroyed by H-66 Slayer with Gauss Rifle Performance ------------- Evolutions (3) 1500 Regions Visited (12) 2400 Robots Destroyed (95) 475 Value Destroyed (3470) 3470 Prototype IDs (38) 760 Alien Tech Used (0) 0 Bonus (1674) 1674 TOTAL SCORE: 10279 Bonus ------- High Alert Combat Kills 559 Follower Combat Kills 81 Entered Garrisons 200 Aligned with FarCom 300 Met Data Miner 300 Acquired ECA 300 Friendly Fire -66 Cogmind --------- Core Integrity 0/700 Matter 148/300 Energy 17/100 System Corruption 12% Temperature Cool (-150) Movement Core (50) Location -6/Proximity Caves Parts ------- > --- POWER (1) -------- (None) > --- PROPULSION (2) --- (None) > --- UTILITY (6) ------ Improved Cryofiber Web Improved Terrain Scanner Armor Integrity Analyzer > --- WEAPON (4) ------- (None) > --- INVENTORY (5) ---- Advanced Energy Well (163) Peak State ------------ > --- POWER ------------ Particle Reactor > --- PROPULSION ------- Light Treads Light Treads > --- UTILITY ---------- Improved Medium Armor Plating Improved Heavy Armor Plating Improved Heavy Armor Plating Trap Reconfigurator > --- WEAPON ----------- Assault Cannon AWS/Autocannon > --- INVENTORY -------- Nuclear Core Improved Terrain Scanner Improved Heavy Armor Plating KE Penetrator [Rating: 78] Favorites ----------- Power Particle Reactor Engine Ion Engine Power Core Nuclear Core Reactor Particle Reactor Propulsion Wheel Treads Light Treads Wheel Wheel Utility Improved Heavy Armor Plating Device Trap Reconfigurator Storage Advanced Energy Well Processor Armor Integrity Analyzer Hackware Hacking Suite Protection Improved Heavy Armor Plating Weapon AWS/Autocannon Energy Gun Precision Beam Rifle Ballistic Gun Improved Assault Rifle Ballistic Cannon AWS/Autocannon Launcher Rocket Launcher Special Weapon Mining Laser Impact Weapon Maul Build | -11 -10 -10 -10 -9 -8 -7 -7 -7 -7 -7 -7 -6 ------- Run | Yrd Mat Min Exi Min Mat Fac Gar Fac Low Low Dat Pro Slots Evolved 6 | . . . . . 4 2 . . . . . . Power . | . . . . . . . . . . . . . Propulsion . | . . . . . . . . . . . . . Utility 4 | . . . . . 2 2 . . . . . . Weapon 2 | . . . . . 2 . . . . . . . Parts Attached 57 | 5 4 . 1 2 9 2 9 3 3 6 . 13 Power 5 | 1 . . . . 1 . 1 . . 1 . 1 Engine 1 | 1 . . . . . . . . . . . . Core 1 | . . . . . 1 . . . . . . . Reactor 3 | . . . . . . . 1 . . 1 . 1 Propulsion 8 | 2 . . . . . . 2 2 . . . 2 Treads 4 | . . . . . . . 2 . . . . 2 Leg . | . . . . . . . . . . . . . Wheel 4 | 2 . . . . . . . 2 . . . . Hover . | . . . . . . . . . . . . . Flight . | . . . . . . . . . . . . . Utility 27 | . 2 . 1 . 3 2 4 1 3 2 . 9 Device 7 | . . . 1 . . . . . 2 . . 4 Storage 2 | . . . . . . . . . . . . 2 Processor 1 | . . . . . . . . . . . . 1 Hackware 1 | . . . . . . . . . 1 . . . Protection 16 | . 2 . . . 3 2 4 1 . 2 . 2 Artifact . | . . . . . . . . . . . . . Weapon 17 | 2 2 . . 2 5 . 2 . . 3 . 1 Energy Gun 3 | 2 . . . . 1 . . . . . . . Energy Cannon . | . . . . . . . . . . . . . Ballistic Gun 2 | . . . . . 1 . . . . 1 . . Ballistic Cannon 6 | . . . . . 2 . 1 . . 2 . 1 Launcher 3 | . . . . 1 1 . 1 . . . . . Special Weapon 1 | . . . . 1 . . . . . . . . Impact Weapon 2 | . 2 . . . . . . . . . . . Slashing Weapon . | . . . . . . . . . . . . . Piercing Weapon . | . . . . . . . . . . . . . Special Melee Weapon . | . . . . . . . . . . . . . Unidentified Prototypes 5 | . . . 1 . 2 . . . . . . 2 Parts Lost 17 | . . . . 1 1 . 2 1 1 2 . 9 Power 1 | . . . . . . . . . . . . 1 Propulsion 5 | . . . . . 1 . 1 . 1 . . 2 Utility 6 | . . . . . . . . 1 . 1 . 4 Weapon 5 | . . . . 1 . . 1 . . 1 . 2 Highest Loss Streak 6 | . . . . 1 1 . 1 1 1 2 . 6 To Critical Strikes . | . . . . . . . . . . . . . Average Slot Usage (%) 68 | . 97 100 100 99 75 66 66 67 61 59 53 41 Engine 2 | . 14 14 14 14 2 . . . . . . . Core 1 | . . . . . 6 7 4 . . . . . Reactor 3 | . . . . . . . 2 7 7 6 7 4 Wheel 11 | . 28 28 28 28 15 7 6 11 8 7 7 3 Device 7 | . . . 10 14 9 7 7 5 6 7 7 10 Hackware 1 | . . . . . . . . . 6 6 . . Protection 18 | . 25 28 17 14 24 27 27 23 15 13 7 5 Ballistic Cannon 11 | . . . . . 11 15 13 15 15 15 23 14 Impact Weapon 4 | . 24 28 28 10 . . . . . . . . Naked Turns . | . . . . . . . . . . . . . Heaviest Build 128 | 8 21 21 21 17 98 108 126 128 128 113 53 61 Greatest Support 40 | 26 26 26 26 26 26 10 40 40 20 10 10 28 Greatest Overweight (x) 40 | . . . . . 9 10 40 6 11 11 5 7 Average Overweight (x) 4 | . . . . . 4 10 10 5 9 10 5 1 Largest Inventory Capacity 5 | 5 5 5 5 5 5 5 5 5 5 5 5 5 Average Capacity 5 | 5 5 5 5 5 5 5 5 5 5 5 5 5 Most Carried 5 | 5 5 5 5 5 5 4 5 5 5 5 . 5 Average Carried 3 | 1 4 5 4 4 4 3 3 4 4 4 . . Final Capacity 5 | 5 5 5 5 5 5 5 5 5 5 5 5 5 Final Carried 5 | . 5 5 5 5 5 3 5 3 5 . . 1 Class Distribution -------------------- 66% | Tank 33% | Mutant Dominant Class ---------------- Mutant | -10/Materials Mutant | -10/Mines Mutant | -10/Exiles Mutant | -9/Mines Tank | -8/Materials Tank | -7/Factory Tank | -7/Garrison Tank | -7/Factory Tank | -7/Lower Caves Mutant | -7/Lower Caves Tank | -7/Data Miner Tank | -6/Proximity Caves Resources | -11 -10 -10 -10 -9 -8 -7 -7 -7 -7 -7 -7 -6 ----------- Run | Yrd Mat Min Exi Min Mat Fac Gar Fac Low Low Dat Pro Matter Collected 1550 | 244 46 . . 20 175 . 319 290 110 56 . 290 Remotely . | . . . . . . . . . . . . . Salvage Created 2438 | . 216 . . . 412 . 855 853 63 7 . 32 Parts 141 | . 12 . . . 29 . 43 48 5 2 . 2 Haulers Intercepted 4 | . 2 . . . 1 . . 1 . . . . Recyclers Shooed 1 | . . . . . . . . 1 . . . . Parts Field Recycled . | . . . . . . . . . . . . . Retrieved Matter . | . . . . . . . . . . . . . Parts Self-Destructed 19 | . . . . . . . . . 5 7 . 7 Prevented 2 | . . . . . . . . . . 2 . . Kills | -11 -10 -10 -10 -9 -8 -7 -7 -7 -7 -7 -7 -6 ------- Run | Yrd Mat Min Exi Min Mat Fac Gar Fac Low Low Dat Pro Combat Hostiles Destroyed 75 | . 3 . . 2 15 . 31 17 3 2 . 2 Melee 2 | . 2 . . . . . . . . . . . Cannons 61 | . . . . . 12 . 25 17 3 2 . 2 AOE 11 | . . . . 2 3 . 6 . . . . . Classes Destroyed 17 | . 3 . . 1 5 . 1 4 2 1 . . Worker 1 | . . . . . . . . 1 . . . . Builder 3 | . . . . . . . . 3 . . . . Hauler 4 | . 2 . . . 1 . . 1 . . . . Recycler 3 | . . . . . 1 . . 2 . . . . Mechanic 1 | . . . . . . . . 1 . . . . Operator 1 | . 1 . . . . . . . . . . . Watcher 7 | . . . . . 3 . . 4 . . . . Swarmer 18 | . . . . 2 4 . 10 1 . . . 1 Grunt 30 | . 3 . . . 8 . 12 7 . . . . Brawler 5 | . . . . . . . . 5 . . . . Duelist 3 | . . . . . 1 . . 2 . . . . Sentry 9 | . . . . . 1 . 6 2 . . . . Hunter 5 | . . . . . . . 3 . 1 1 . . Programmer 2 | . . . . . . . . . 1 . . 1 Heavy 1 | . . . . . 1 . . . . . . . Behemoth 1 | . . . . . . . . . 1 . . . Master Thief 1 | . . . . . . . . . . 1 . . Best Kill Streak 10 | . 3 . . 2 7 . 10 8 1 1 . 1 Combat Bots Only 10 | . 2 . . 2 6 . 10 5 1 1 . 1 Max Kills in Single Turn 3 | . 1 . . 2 3 . 2 2 1 1 . 1 Gunslinging . | . . . . . . . . . . . . . Exploded 3 | . . . . 2 3 . 2 . . . . . Melee 1 | . 1 . . . . . . . . . . . Uniques/NPCs Destroyed . | . . . . . . . . . . . . . Combat | -11 -10 -10 -10 -9 -8 -7 -7 -7 -7 -7 -7 -6 -------- Run | Yrd Mat Min Exi Min Mat Fac Gar Fac Low Low Dat Pro Hostile Shots Fired 359 | . 7 . . 24 18 . 100 59 21 15 . 115 Missed 122 | . 5 . . 6 6 . 33 29 12 4 . 27 Damage Taken 3911 | . 28 . . 152 304 . 899 337 249 65 . 1877 Core 782 | . . . . 39 24 . 55 . 31 . . 633 Absorbed by Shields . | . . . . . . . . . . . . . Ignored by Resistances 154 | . . . . . . . . . . . . 154 Core Remaining (%) 93 | 100 . . . 84 95 . . . . . . . Volleys Fired 133 | . 1 . . 7 10 . 31 45 8 10 . 21 Largest 3 | . 2 . . 1 1 . 1 1 1 2 . 3 Hottest 145 | . 90 . . 100 44 . 44 44 44 92 . 145 Shots Fired 331 | . 2 . . 7 49 . 79 113 22 21 . 38 Gun 2 | . 2 . . . . . . . . . . . Cannon 307 | . . . . . 45 . 68 113 22 21 . 38 Launcher 16 | . . . . 1 4 . 11 . . . . . Special 6 | . . . . 6 . . . . . . . . Kinetic 307 | . . . . . 45 . 68 113 22 21 . 38 Thermal 8 | . 2 . . 6 . . . . . . . . Explosive 16 | . . . . 1 4 . 11 . . . . . Electromagnetic . | . . . . . . . . . . . . . Robot Hit Streak 16 | . . . . 1 10 . 9 14 9 16 . 12 Robot Miss Streak 5 | . . . . 5 3 . 3 3 1 2 . 4 Penetration Max . | . . . . . . . . . . . . . Secondary Targets . | . . . . . . . . . . . . . Autonomous 174 | . . . . . 39 . 48 67 14 6 . . Shots Hit Robots 235 | . 7 . . 1 36 . 56 80 18 14 . 23 Core Hits 114 | . 3 . . 2 15 . 44 31 4 4 . 11 Critical Kills 2 | . 2 . . . . . . . . . . . Critical Parts Destroyed 2 | . 2 . . . . . . . . . . . Critical Strikes 30 | . 4 . . . 4 . 5 13 2 1 . 1 Blast 26 | . . . . . 4 . 5 13 2 1 . 1 Smash 4 | . 4 . . . . . . . . . . . Melee Attacks 10 | . 10 . . . . . . . . . . . Impact 10 | . 10 . . . . . . . . . . . Slashing . | . . . . . . . . . . . . . Piercing . | . . . . . . . . . . . . . Sneak Attacks 3 | . 3 . . . . . . . . . . . Combat Hostiles . | . . . . . . . . . . . . . Follow-up Attacks . | . . . . . . . . . . . . . Damage Inflicted 14717 | . 383 . . 191 2970 . 3976 4899 1093 482 . 723 Guns . | . . . . . . . . . . . . . Cannons 13093 | . . . . . 2766 . 3130 4899 1093 482 . 723 Explosions 1145 | . . . . 95 204 . 846 . . . . . Melee 383 | . 383 . . . . . . . . . . . Ramming . | . . . . . . . . . . . . . Kinetic 13093 | . . . . . 2766 . 3130 4899 1093 482 . 723 Thermal 96 | . . . . 96 . . . . . . . . Explosive 1145 | . . . . 95 204 . 846 . . . . . Electromagnetic . | . . . . . . . . . . . . . Impact 383 | . 383 . . . . . . . . . . . Slashing . | . . . . . . . . . . . . . Piercing . | . . . . . . . . . . . . . Highest Corruption 12 | . . . . . . . . 5 5 5 5 12 Average Corruption 5 | . . . . . . . . 3 5 5 5 8 Corruption Purged . | . . . . . . . . . . . . . Corruption Blocked . | . . . . . . . . . . . . . Effects 78 | . . . . . . . . 6 22 25 6 19 Message Errors 18 | . . . . . . . . 1 5 7 1 4 Matter Fused 13 | . . . . . . . . . 6 3 2 2 Heat Flow Errors 7 | . . . . . . . . . 4 3 . . Energy Discharges 14 | . . . . . . . . 2 3 3 2 4 Parts Rejected 2 | . . . . . . . . . . 1 . 1 Parts Fused 1 | . . . . . . . . 1 . . . . Data Loss (minor) 12 | . . . . . . . . 1 2 4 1 4 Data Loss (major) 3 | . . . . . . . . . 1 1 . 1 Misfires 4 | . . . . . . . . 1 . 2 . 1 Alerts 4 | . . . . . . . . . 1 1 . 2 Overload Shots . | . . . . . . . . . . . . . Overflow Damage 1599 | . 166 . . 4 510 . 110 645 149 1 . 14 Projectiles 1414 | . . . . 4 510 . 91 645 149 1 . 14 Explosions 19 | . . . . . . . 19 . . . . . Melee 166 | . 166 . . . . . . . . . . . Knockbacks 45 | . 1 . . . 9 . 11 13 1 4 . 6 Impact 1 | . 1 . . . . . . . . . . . Kinetic 43 | . . . . . 8 . 11 13 1 4 . 6 Secondary 1 | . . . . . 1 . . . . . . . Self-Inflicted Damage 126 | . . . . 8 48 . 70 . . . . . Shots 4 | . . . . 1 1 . 2 . . . . . Rammed . | . . . . . . . . . . . . . Targets Rammed . | . . . . . . . . . . . . . Kicked . | . . . . . . . . . . . . . Crushed . | . . . . . . . . . . . . . Highest Temperature 686 | . 30 . . 240 113 . 449 168 246 244 . 686 Average Temperature 132 | . 17 . . 128 40 . 164 63 83 72 . 292 Received Heat Transfer 975 | . 15 . . . 45 . 171 75 24 . . 645 Effects 21 | . . . . . . . 13 . . . . 8 Shutdowns 5 | . . . . . . . 5 . . . . . Energy Bleed 5 | . . . . . . . 4 . . . . 1 Interference 6 | . . . . . . . 3 . . . . 3 Matter Decay 1 | . . . . . . . 1 . . . . . Damage (minor) 3 | . . . . . . . . . . . . 3 Damage (major) 1 | . . . . . . . . . . . . 1 Siege Activations . | . . . . . . . . . . . . . Robots Corrupted . | . . . . . . . . . . . . . Combat Hostiles . | . . . . . . . . . . . . . Parts Fried 2 | . 2 . . . . . . . . . . . Impact Corruptions 4 | . 4 . . . . . . . . . . . Robots Melted . | . . . . . . . . . . . . . Combat Hostiles . | . . . . . . . . . . . . . Parts Melted . | . . . . . . . . . . . . . Heat Transferred 200 | . . . . 200 . . . . . . . . Parts Sabotaged . | . . . . . . . . . . . . . Parts Stolen 6 | . . . . . . . . . . 6 . . Parts Stripped . | . . . . . . . . . . . . . Power Chain Reactions . | . . . . . . . . . . . . . Alert | -11 -10 -10 -10 -9 -8 -7 -7 -7 -7 -7 -7 -6 ------- Run | Yrd Mat Min Exi Min Mat Fac Gar Fac Low Low Dat Pro Peak Influence 980 | . 149 57 . 52 443 126 980 823 . . . . Initial 514 | . . 57 . . 20 126 91 514 . . . . Average 418 | . 72 57 . 4 196 126 590 602 . . . . Maximum Alert Level 3 | . . . . . 2 . 3 3 . . . . Low Security (%) 33 | 100 100 100 . 100 44 100 14 . . . . . Level 1 10 | . . . . . 54 . 4 . . . . . Level 2 34 | . . . . . 1 . 37 82 . . . . Level 3 22 | . . . . . . . 44 17 . . . . Level 4 . | . . . . . . . . . . . . . Level 5 . | . . . . . . . . . . . . . High Security . | . . . . . . . . . . . . . Max Security . | . . . . . . . . . . . . . Squads Dispatched 9 | . 2 . . . 2 . . 4 . . . 1 Investigation . | . . . . . . . . . . . . . Extermination . | . . . . . . . . . . . . . Reinforcement 7 | . 2 . . . 2 . . 3 . . . . Assault 2 | . . . . . . . . 1 . . . 1 Garrison . | . . . . . . . . . . . . . Intercept . | . . . . . . . . . . . . . Searches Triggered . | . . . . . . . . . . . . . Construction Impeded . | . . . . . . . . . . . . . Haulers Reinforced 1 | . . . . . . . . 1 . . . . Active Scanning Responses . | . . . . . . . . . . . . . Cargo Convoy Interrupts . | . . . . . . . . . . . . . Stealth | -11 -10 -10 -10 -9 -8 -7 -7 -7 -7 -7 -7 -6 --------- Run | Yrd Mat Min Exi Min Mat Fac Gar Fac Low Low Dat Pro Distress Signals . | . . . . . . . . . . . . . Communications Jammed . | . . . . . . . . . . . . . Distress Signals . | . . . . . . . . . . . . . Times Spotted 112 | . 8 . . 5 20 . 26 25 2 5 . 21 Peak Tracking Total 8 | . 3 . . 4 5 . 6 4 1 4 . 8 Tactical Retreats 10 | . 1 . . . 2 . . 1 . . . 6 Traps | -11 -10 -10 -10 -9 -8 -7 -7 -7 -7 -7 -7 -6 ------- Run | Yrd Mat Min Exi Min Mat Fac Gar Fac Low Low Dat Pro Traps Triggered 5 | . . . . . . . 2 3 . . . . Indirectly . | . . . . . . . . . . . . . Trap Hack Attempts . | . . . . . . . . . . . . . Triggered . | . . . . . . . . . . . . . Disarmed . | . . . . . . . . . . . . . Reprogrammed . | . . . . . . . . . . . . . Reused . | . . . . . . . . . . . . . Traps Reconfigurated 24 | . . . . . 9 . 10 5 . . . . Traps Extracted . | . . . . . . . . . . . . . Installed . | . . . . . . . . . . . . . Triggered 1 | . . . . . . . . . . 1 . . Machines | -11 -10 -10 -10 -9 -8 -7 -7 -7 -7 -7 -7 -6 ---------- Run | Yrd Mat Min Exi Min Mat Fac Gar Fac Low Low Dat Pro Machines Disabled 1 | . . . . . . . . 1 . . . . Max in Single Turn 1 | . . . . . . . . 1 . . . . Machines Repaired . | . . . . . . . . . . . . . Machines Dismantled . | . . . . . . . . . . . . . Machines Sabotaged . | . . . . . . . . . . . . . Overloaded Fab Kills . | . . . . . . . . . . . . . Hacking | -11 -10 -10 -10 -9 -8 -7 -7 -7 -7 -7 -7 -6 --------- Run | Yrd Mat Min Exi Min Mat Fac Gar Fac Low Low Dat Pro Machines Accessed 12 | . 1 . 5 . . 1 1 . . . 4 . Terminals 2 | . 1 . . . . . 1 . . . . . Fabricators . | . . . . . . . . . . . . . Repair Stations . | . . . . . . . . . . . . . Recycling Units . | . . . . . . . . . . . . . Scanalyzers . | . . . . . . . . . . . . . Garrison Access 1 | . . . . . . 1 . . . . . . Total Hacks 83 | . 2 . 50 . . 1 1 . . . 29 . Successful 81 | . . . 50 . . 1 1 . . . 29 . Failed 2 | . 2 . . . . . . . . . . . Catastrophic . | . . . . . . . . . . . . . Database Lockouts . | . . . . . . . . . . . . . Manual 4 | . . . 4 . . . . . . . . . Terminals 3 | . 2 . . . . . 1 . . . . . Fabricators . | . . . . . . . . . . . . . Repair Stations . | . . . . . . . . . . . . . Recycling Units . | . . . . . . . . . . . . . Scanalyzers . | . . . . . . . . . . . . . Garrison Access 1 | . . . . . . 1 . . . . . . Terminal Hacks 80 | . . . 50 . . . 1 . . . 29 . Record 60 | . . . 49 . . . . . . . 11 . Part Schematic 10 | . . . . . . . . . . . 10 . Robot Schematic 5 | . . . . . . . . . . . 5 . Prototype ID Bank 3 | . . . . . . . . . . . 3 . Garrison Registry 1 | . . . . . . . 1 . . . . . Derelict Proto ID Bank 1 | . . . 1 . . . . . . . . . Fabricator Hacks . | . . . . . . . . . . . . . Repair Station Hacks . | . . . . . . . . . . . . . Recycling Unit Hacks . | . . . . . . . . . . . . . Scanalyzer . | . . . . . . . . . . . . . Garrison Access Hacks 1 | . . . . . . 1 . . . . . . Unlock Access 1 | . . . . . . 1 . . . . . . Unauthorized Hacks . | . . . . . . . . . . . . . Terminals . | . . . . . . . . . . . . . Fabricators . | . . . . . . . . . . . . . Repair Stations . | . . . . . . . . . . . . . Recycling Units . | . . . . . . . . . . . . . Scanalyzers . | . . . . . . . . . . . . . Garrison Access . | . . . . . . . . . . . . . Data Cores Recovered . | . . . . . . . . . . . . . Used . | . . . . . . . . . . . . . Hacking Detections 1 | . 1 . . . . . . . . . . . Full Trace Events . | . . . . . . . . . . . . . Feedback Events . | . . . . . . . . . . . . . Feedback Blocked . | . . . . . . . . . . . . . Robot Schematics Acquired 5 | . . . . . . . . . . . 5 . Robots Built . | . . . . . . . . . . . . . Authchips . | . . . . . . . . . . . . . Time . | . . . . . . . . . . . . . Total Robot Build Rating . | . . . . . . . . . . . . . Part Schematics Acquired 10 | . . . . . . . . . . . 10 . Parts Built . | . . . . . . . . . . . . . Authchips . | . . . . . . . . . . . . . Time . | . . . . . . . . . . . . . Total Part Build Rating . | . . . . . . . . . . . . . Parts Repaired . | . . . . . . . . . . . . . Time . | . . . . . . . . . . . . . Parts Recycled . | . . . . . . . . . . . . . Recycled Matter . | . . . . . . . . . . . . . Retrieved Matter . | . . . . . . . . . . . . . Retrieved Components . | . . . . . . . . . . . . . Parts Scanalyzed . | . . . . . . . . . . . . . Part Schematics Acquired . | . . . . . . . . . . . . . Parts Damaged . | . . . . . . . . . . . . . Bothacking | -11 -10 -10 -10 -9 -8 -7 -7 -7 -7 -7 -7 -6 ------------ Run | Yrd Mat Min Exi Min Mat Fac Gar Fac Low Low Dat Pro Used RIF Installer . | . . . . . . . . . . . . . Robots Hacked . | . . . . . . . . . . . . . Non-combat . | . . . . . . . . . . . . . Combat . | . . . . . . . . . . . . . Robot Hacks Applied . | . . . . . . . . . . . . . Relay Couplers Released . | . . . . . . . . . . . . . Fabnet Peak Effective % . | . . . . . . . . . . . . . Robots Rewired . | . . . . . . . . . . . . . Allies Hacked . | . . . . . . . . . . . . . Hacks Repelled . | . . . . . . . . . . . . . Allies | -11 -10 -10 -10 -9 -8 -7 -7 -7 -7 -7 -7 -6 -------- Run | Yrd Mat Min Exi Min Mat Fac Gar Fac Low Low Dat Pro Total Allies 5 | . . 3 . 1 . . . . . . . 1 Largest Group 3 | . . 3 . 1 . . . . . . . 1 Highest-Rated Group 96 | . . 40 . 31 . . . . . . . 96 Highest-Rated Ally 96 | . . 16 . 31 . . . . . . . 96 Total Orders . | . . . . . . . . . . . . . Ally Attacks 11 | . . . . 6 . . . . . . . 5 Total Damage 188 | . . . . 40 . . . . . . . 148 Kills 3 | . . . . 1 . . . . . . . 2 Allies Corrupted . | . . . . . . . . . . . . . Allies Melted . | . . . . . . . . . . . . . Intel | -11 -10 -10 -10 -9 -8 -7 -7 -7 -7 -7 -7 -6 ------- Run | Yrd Mat Min Exi Min Mat Fac Gar Fac Low Low Dat Pro Robot Analysis Total . | . . . . . . . . . . . . . Derelict Logs Recovered 4 | . . 1 . . . . . . 1 1 . 1 Drone Launches . | . . . . . . . . . . . . . Drone Recoveries . | . . . . . . . . . . . . . Exploration | -11 -10 -10 -10 -9 -8 -7 -7 -7 -7 -7 -7 -6 ------------- Run | Yrd Mat Min Exi Min Mat Fac Gar Fac Low Low Dat Pro Turns Passed 6395 | 32 178 150 520 277 511 28 1331 748 1029 855 128 608 Spaces Moved 3717 | 30 116 167 570 262 288 11 495 323 454 355 83 563 Core 359 | 11 . . . . . . 1 . . . . 347 Treads 66 | . . . . . . . 16 42 . . . 8 Legs . | . . . . . . . . . . . . . Wheels 3292 | 19 116 167 570 262 288 11 478 281 454 355 83 208 Hover . | . . . . . . . . . . . . . Flight . | . . . . . . . . . . . . . Fastest Speed 50 | 50 90 90 90 90 135 230 230 170 155 95 155 50 Average Speed 157 | 75 90 90 90 90 151 230 247 199 220 231 155 93 Slowest Speed 2050 | 90 90 90 90 90 215 230 2050 400 245 245 155 400 Overloaded Moves . | . . . . . . . . . . . . . Propulsion Burnouts . | . . . . . . . . . . . . . Robots Hopped . | . . . . . . . . . . . . . Cave-ins Triggered 1 | . . . . . . . . . . . . 1 Exploration Rate (%) 46 | 4 26 46 93 66 36 1 62 14 65 54 70 72 Regions Visited 12 Branch Regions 7 Pre-discovered Areas 4 | . . . 1 . . . . . 1 1 1 . Known Exits Taken 1 | . . . . . . 1 . . . . . . Unknown Exits Taken 10 | 1 1 1 1 1 1 . . 1 1 1 1 . Scrap Searched 9 | . . . . 2 . . . . 4 2 . 1 Spaces Dug . | . . . . . . . . . . . . . Terrain Destroyed 130 | . . . . 14 40 . 49 13 3 1 . 10 Melee . | . . . . . . . . . . . . . Projectile 47 | . . . . 1 8 . 11 13 3 1 . 10 AOE 83 | . . . . 13 32 . 38 . . . . . Terrain Rammed . | . . . . . . . . . . . . . Walls Destroyed . | . . . . . . . . . . . . . Machines Disabled . | . . . . . . . . . . . . . Actions | -11 -10 -10 -10 -9 -8 -7 -7 -7 -7 -7 -7 -6 --------- Run | Yrd Mat Min Exi Min Mat Fac Gar Fac Low Low Dat Pro Total 4115 | 39 168 166 578 285 356 13 580 383 477 373 82 615 Wait 73 | . 28 . . 7 28 . 7 . 2 1 . . Move 3704 | 29 115 166 569 261 287 11 492 322 453 354 82 563 Hop . | . . . . . . . . . . . . . Pick Up 72 | 5 9 . 3 4 13 . 13 6 6 2 . 11 Fast Attach . | . . . . . . . . . . . . . Attach 42 | 5 2 . . . 4 2 6 1 3 6 . 13 Detach 6 | . . . . . . . 2 . 1 . . 3 Swap 15 | . 2 . 1 2 5 . 3 2 . . . . Drop 45 | . 2 . 5 4 9 . 10 7 4 . . 4 Fire 133 | . 1 . . 7 10 . 31 45 8 10 . 21 Melee 9 | . 9 . . . . . . . . . . . Ram . | . . . . . . . . . . . . . Kick . | . . . . . . . . . . . . . Crush . | . . . . . . . . . . . . . Escape Stasis 16 | . . . . . . . 16 . . . . . Rewire . | . . . . . . . . . . . . . Trap . | . . . . . . . . . . . . . Miscellaneous . | . . . . . . . . . . . . . Route ------- -11/Scrapyard -10/Materials -10/Mines -10/Exiles (discovered 2 exits: [*Min x2]) -9/Mines -8/Materials -7/Factory -7/Garrison (discovered 4 exits: [*Fac x4]) -7/Factory -7/Lower Caves -7/Lower Caves -7/Data Miner -6/Proximity Caves (discovered 1 exit: Fac) History --------- Turn | Location | Event 19 | -11/Scrapyard | Discovered new exit (range 15) 33 | -11/Scrapyard | Entered Materials 194 | -10/Materials | Discovered new exit (range 16) 211 | -10/Materials | Entered Mines 235 | -10/Mines | Learned Materials trap positions 262 | -10/Mines | Assisted by bots powering up and referring to "LRC-V3" 294 | -10/Mines | Found a hidden stash of uninstalled traps 309 | -10/Mines | Build established: Mutant 357 | -10/Mines | Deemed a non-threat by the Exiles lab entrance 357 | -10/Mines | Discovered new exit (range 5) 361 | -10/Mines | Entered Exiles 376 | -10/Exiles | Discovered new exit (range 14) 390 | -10/Exiles | Met 8R-AWN 405 | -10/Exiles | Met EX-HEX 434 | -10/Exiles | Met EX-BIN 450 | -10/Exiles | Aligned with FarCom system 451 | -10/Exiles | Given EX-Vault access code 499 | -10/Exiles | Opened EX-Vault 503 | -10/Exiles | Found Prototype Device 504 | -10/Exiles | Identified Trap Reconfigurator 513 | -10/Exiles | Found AWS/Autocannon 532 | -10/Exiles | Warned to stay clear of 0b10 Research branches 559 | -10/Exiles | Met EX-DEC 564 | -10/Exiles | Learned location of Zion (-6) 600 | -10/Exiles | Visited The Gauntlet 787 | -10/Exiles | Discovered new exit (range 10) 881 | -10/Exiles | Stole two prototypes: Trap Reconfigurator, AWS/Autocannon 881 | -10/Exiles | Entered Mines 884 | -9/Mines | Received a Mining Laser from a helpful Derelict 909 | -9/Mines | Met a Derelict bent on vengeance 1045 | -9/Mines | Received a Rocket Launcher from a helpful Derelict 1147 | -9/Mines | Discovered new exit (range 13) 1158 | -9/Mines | Entered Materials 1158 | -8/Materials | Evolved 4 slots: Utility x2, Weapon x2 1159 | -8/Materials | Loaded intel: 19 trap records 1454 | -8/Materials | Build established: Tank 1599 | -8/Materials | Discovered new exit (range 14) 1669 | -8/Materials | Entered Factory 1669 | -7/Factory | Evolved 2 slots: Utility x2 1671 | -7/Factory | FarCom data flow suspended 1697 | -7/Factory | Identified exit to Garrison 1697 | -7/Factory | Entered Garrison 1740 | -7/Garrison | Triggered checkpoint 1911 | -7/Garrison | Destroyed 7 combat bots 1930 | -7/Garrison | Triggered checkpoint 1941 | -7/Garrison | Triggered checkpoint 1984 | -7/Garrison | Triggered checkpoint 1987 | -7/Garrison | Destroyed 10 combat bots 2189 | -7/Garrison | Discovered new exit (range 12) 2210 | -7/Garrison | Discovered new exit (range 89) 2210 | -7/Garrison | Discovered new exit (range 59) 2210 | -7/Garrison | Discovered new exit (range 13) 2210 | -7/Garrison | Discovered new exit (range 52) 2762 | -7/Garrison | Attempted to access garrison exit controls, blocked by remote lockdown 2812 | -7/Garrison | Triggered checkpoint 2924 | -7/Garrison | Triggered checkpoint 3028 | -7/Garrison | Entered Factory 3428 | -7/Factory | First assault squad dispatched 3750 | -7/Factory | Discovered new exit (range 16) 3776 | -7/Factory | Entered Lower Caves 3807 | -7/Lower Caves | Met a Warlord Commander 3808 | -7/Lower Caves | Learned location of Warlord (-4) 3809 | -7/Lower Caves | Warlord Commander delivered Encrypted Comm Array 3809 | -7/Lower Caves | Found Unknown Device 3811 | -7/Lower Caves | Identified Encrypted Comm Array 3946 | -7/Lower Caves | Learned Factory emergency access door positions 3991 | -7/Lower Caves | Spotted B-75 Beast 4005 | -7/Lower Caves | Destroyed B-75 Beast 4766 | -7/Lower Caves | Discovered new exit (range 16) 4805 | -7/Lower Caves | Entered another Lower Caves area 5126 | -7/Lower Caves | Build established: Mutant 5474 | -7/Lower Caves | Encountered a Warlord checkpoint 5568 | -7/Lower Caves | Spotted RX-9G7(f) 5569 | -7/Lower Caves | Encountered a Master Thief 5570 | -7/Lower Caves | Spotted NJ-1MV(f) 5571 | -7/Lower Caves | Encountered a Master Thief 5571 | -7/Lower Caves | Spotted 6E-652(f) 5571 | -7/Lower Caves | Spotted HT-ME4(f) 5572 | -7/Lower Caves | Encountered a Master Thief 5572 | -7/Lower Caves | Encountered a Master Thief 5576 | -7/Lower Caves | Particle Reactor stolen by Master Thief 5577 | -7/Lower Caves | KE Penetrator stolen by Master Thief 5578 | -7/Lower Caves | Destroyed RX-9G7(f) 5580 | -7/Lower Caves | Imp. Heavy Armor Plating stolen by Master Thief 5583 | -7/Lower Caves | Imp. Heavy Armor Plating stolen by Master Thief 5652 | -7/Lower Caves | Discovered new exit (range 5) 5660 | -7/Lower Caves | Entered Data Miner 5660 | -7/Data Miner | Discovered new exit (range 6) 5690 | -7/Data Miner | Met Data Miner 5721 | -7/Data Miner | Learned location of Section 7 (-2) 5721 | -7/Data Miner | Acquired the access code to Warlord's prototype stash 5747 | -7/Data Miner | Received God Mode back door access code from Data Miner 5788 | -7/Data Miner | Entered Proximity Caves 5864 | -6/Proximity Caves | Identified exit to Factory 5881 | -6/Proximity Caves | Build established: Tank 5905 | -6/Proximity Caves | Escorted by Enhanced Grunt 6122 | -6/Proximity Caves | Attracted the attention of an 0b10 outpost 6127 | -6/Proximity Caves | Crushed by falling debris 6127 | -6/Proximity Caves | System corruption reached 10% 6158 | -6/Proximity Caves | Core integrity fell below 50% 6180 | -6/Proximity Caves | Lost 3 parts (1n1u1w) 6181 | -6/Proximity Caves | Found Prototype Device 6182 | -6/Proximity Caves | Identified Exp. Thermal Shield 6388 | -6/Proximity Caves | Core integrity fell below 20% 6390 | -6/Proximity Caves | Lost 6 parts (1p1n3u1w) 6396 | -6/Proximity Caves | Destroyed by H-66 Slayer with Gauss Rifle Last Messages --------------- 06315_ C-30 ARC bursts open, deploying its payload. 06315_ G-67 Veteran unfolds itself. 06315_ G-50 Soldier unfolds itself. 06315_ I-36 Angel unfolds itself. 06317_ Particle Reactor destroyed. 06321_ Encrypted Comm Array destroyed. 06323_ Critical hit (Burn: +37). 06325_ System corrupted: Med. Treads rejected. 06325_ Acquired Med. Treads. 06327_ Med. Treads destroyed. 06340_ BFDWVB6BUU&TEC8 06395_ Penetrated by Slug. Map ----- +----------------------------------------------------+ | ?????????????????????????????????????????????????? | | ?????????????????????????????????????????????????? | | ?????????????????????????????????????????????????? | | ?????????????????????????????????????????????????? | | ?????????????????????????????????????????????????? | | ?????????????????????????????????????????????????? | | ??????????????#??????????????????????????????????? | | ?????????????????????????????????????????????????? | | ??????????????????????####???????????????????????? | | ?????????????????????# ?????????????????????? | | ????????????????????? ????????????????????? | | ??????#??????????##?? ????????????????????? | | ??????##?#??????? ## ?????????????????????? | | ????????????????? #??????????????????????? | | ????????????###?? ##?????????????????????? | | ????????#### ##?# #?????????????????????? | | ???????# #?# #?????????????????????? | | ??????# # ### #???????#??????????????? | | ?????# # ## #??????? #??????????????? | | ????# # #?????? ###????????????? | | ##### # ###??????? ?????????????? | | #### #?####??? ???????????????? | | #??### ### ### #????????????????? | | ####### #????# ## #?????????????????? | | ????## ##???# h #???#????????